 Dungeon Crawl Stone Soup version 0.26-a0-663-g36e8fdb655 (webtiles) character file.

Game seed: 7692551796832998087

7 lunkers the Sneak (level 2, 0/19 HPs)
             Began as a Kobold Delver on Oct 12, 2020.
             Slain by a bullfrog skeleton (4 damage)
             ... on level 3 of the Dungeon.
             The game lasted 00:01:10 (176 turns).

lunkers the Sneak (Kobold Delver)                    Turns: 176, Time: 00:01:11

Health: 0/19       AC:  3    Str:  9    XL:     2   Next: 10%
Magic:  2/2        EV: 14    Int: 11    God:
Gold:   32         SH:  0    Dex: 16    Spells: 1/1 levels left

rFire    . . .     SeeInvis .   a - +0 short sword
rCold    . . .     Faith    .   (shield restricted)
rNeg     . . .     Spirit   .   b - +0 leather armour
rPois    .         Reflect  .   (no helmet)
rElec    .         Harm     .   (no cloak)
rCorr    .         Rampage  .   (no gloves)
MR       .....                  (no boots)
Stlth    ++++......             (no amulet)
HPRegen  0.06/turn              (no ring)
MPRegen  0.08/turn              (no ring)

@: no status effects
A: small, nightstalker 3
a: no special abilities


You were on level 3 of the Dungeon.
You visited 1 branch of the dungeon, and saw 3 of its levels.

You collected 32 gold pieces.

Inventory:

Hand Weapons
 a - a +0 short sword (weapon)
 i - a +3 hunting sling
Armour
 b - a +0 leather armour (worn)
Wands
 g - a wand of digging (3)
Scrolls
 c - a scroll of fog
 d - a scroll of magic mapping
 j - a scroll of remove curse {unknown}
 k - a scroll of immolation {unknown}
Potions
 f - a potion of haste
 h - a potion of curing {unknown}


   Skills:
 - Level 3.2 Fighting
 + Level 3.2 Short Blades
 - Level 2.4 Dodging
 + Level 6.9 Stealth


You had one spell level left.
You didn't know any spells.
Your spell library was empty.

Dungeon Overview and Level Annotations

Branches:
Dungeon (5/15)
 Temple: D:4-7

Altars:

Shops:
D:5 :


Innate Abilities, Weirdness & Mutations

You are small and have problems with some larger weapons.
You are completely attuned to the shadows.


Message History

The bullfrog skeleton barely misses you.
The bullfrog skeleton hits you.
* * * LOW HITPOINT WARNING * * *
You hit the bullfrog skeleton.
The bullfrog skeleton is heavily damaged.
The bullfrog skeleton closely misses you.
You hit the bullfrog skeleton.
The bullfrog skeleton is severely damaged.
The bullfrog skeleton hits you but does no damage.
You hit the bullfrog skeleton.
The bullfrog skeleton is severely damaged.
The bullfrog skeleton closely misses you.
You hit the bullfrog skeleton.
The bullfrog skeleton is almost destroyed.
The bullfrog skeleton barely misses you.
The bullfrog skeleton misses you.
You hit the bullfrog skeleton.
The bullfrog skeleton is almost destroyed.
The bullfrog skeleton hits you.
You die...

##
.####.##
.......##
....@Z...
......###
.###..#
....
...##


You could see a bullfrog skeleton.

Vanquished Creatures
  An adder skeleton (D:5)
  A leopard gecko (D:4)
  An orc (D:5)
3 creatures vanquished.

Notes
Turn   | Place    | Note
-------+----------+-------------------------------------------
     0 | D:5      | lunkers the Kobold Delver began the quest for the Orb.
     0 | D:5      | Reached XP level 1. HP: 14/14 MP: 1/1
    28 | D:5      | Noticed an orc wizard
    92 | D:5      | Found Lanaez's Book Shop.
   137 | D:4      | Reached XP level 2. HP: 14/19 MP: 2/2
   149 | D:4      | Noticed a scorpion
   176 | D:3      | Slain by a bullfrog skeleton

Illustrated notes

Levels and vault maps discovered:
D:3:      layout_basic, serial_park_tiny_2, serial_park_tiny_pond, uniq_jessica,
          uniq_natasha
D:4:      layout_gridville, minmay_starry_boxes
D:5:      layout_basic, minmay_temple_entry_sparse_star, serial_glass,
          glass_columns_b, glass_columns_a, glass_columns_b, glass_columns_b,
          serial_shops, shop_fountains, kennysheep_small_spiral, hex_large

Skill      XL: |  1 |
---------------+----+-----
Short Blades   | 3 |  3.2
Fighting       | |  3.2
Dodging        | |  2.4
Stealth        | |  6.9

Action                   || total
-------------------------++-------
Melee: Short sword       ||    20
  Use: Scroll            ||     1
 Stab: Sleeping          ||     2
Armor: Leather armour    ||     4
Dodge: Dodged            ||    11

Table legend: (Time is in decaauts)
 A = Elapsed time spent in this place.
 B = Non-inter-level travel time spent in this place.
 C = Inter-level travel time spent in this place.
 D = Time resting spent in this place.
 E = Time spent auto-exploring this place.
 F = Levels seen in this place.
 G = Mean time per level.
                   A        B        C        D        E       F      G
               +--------+--------+--------+--------+--------+-----+--------+
         Total |    174 |    174 |      0 |      0 |     54 |   3 |   58.0 |
       Dungeon |    174 |    174 |      0 |      0 |     54 |   3 |   58.0 |
               +--------+--------+--------+--------+--------+-----+--------+

Top non-repeatable levels by time:
     D:5: 108 daAuts
     D:4: 53 daAuts
     D:3: 12 daAuts
